 Dungeon Crawl Stone Soup version 0.31-a0-188-g5e087ee2ca (webtiles) character file.

Game seed: 2653675851505481615

93 qw the Shooter (level 4, -2/25 HPs)
             Began as a Deep Elf Hunter on June 23, 2023.
             Slain by an adder (3 damage)
             ... on level 3 of the Dungeon.
             The game lasted 00:00:35 (1465 turns).

qw the Shooter (Deep Elf Hunter)                    Turns: 1465, Time: 00:00:36

Health: -2/25      AC:  5    Str: 10    XL:     4   Next: 37%
Magic:  6/6        EV: 11    Int: 14    God:
Gold:   126        SH:  0    Dex: 18    Spells: 3/3 levels left

rFire   . . .        Y - +0 shortbow
rCold   . . .        (shield currently unavailable)
rNeg    . . .        g - +0 ring mail
rPois   .            (no helmet)
rElec   .            (no cloak)
rCorr   .            (no gloves)
SInv    .            (no boots)
Will    .....        d - amulet of faith
Stlth   +            (no ring)
HPRegen 0.24/turn    (no ring)
MPRegen 0.10/turn

%: faith
@: lethally poisoned (-2 -> -5), very slow
A: no striking features
a: no special abilities


You were on level 3 of the Dungeon.
You visited 1 branch of the dungeon, and saw 3 of its levels.

You collected 126 gold pieces.


   Skills:
 - Level 1.5 Fighting
 + Level 7.8 Ranged Weapons
 - Level 2.4 Dodging
 - Level 1.2 Stealth


You had 3 spell levels left.
You didn't know any spells.
Your spell library was empty.

Inventory:

Hand Weapons
 Y - a +0 shortbow (weapon)
Armour
 g - a +0 ring mail (worn)
Jewellery
 d - an amulet of faith (around neck)
Potions
 e - a potion of mutation {unknown}

Dungeon Overview and Level Annotations

Branches:
Dungeon (3/15)

Altars:
Sif Muna


Message History

You shoot an arrow. The arrow hits the ball python.
You kill the ball python!
You feel sick. The adder closely misses you. The ball python bites you.
The ball python closely misses you. The adder bites you but does no damage.
The ball python bites you. The ball python closely misses you.
You shoot an arrow.
The arrow hits the adder but does no damage.
The adder is heavily wounded.
You feel sick. The adder bites you but does no damage.
The ball python bites you. The ball python closely misses you.
The ball python bites you but does no damage.
The ball python misses you.
You shoot an arrow. The arrow closely misses the adder.
You feel sick. The adder closely misses you.
The ball python bites you but does no damage.
The ball python closely misses you. The ball python barely misses you. x2
The adder bites you but does no damage.
The ball python bites you but does no damage.
The ball python grabs you. The ball python constricts you.
You shoot an arrow. The arrow hits the ball python!
You kill the ball python!
You feel sick.
The ball python bites you but does no damage.
The ball python closely misses you. The adder barely misses you.
The ball python misses you. The ball python grabs you.
The ball python constricts you.
You shoot an arrow.
The arrow closely misses the ball python.
You feel sick.
You are no longer poisoned.
The adder barely misses you. The ball python closely misses you.
The ball python constricts you. The adder bites you.
You are lethally poisoned!
The adder poisons you!
You shoot an arrow. The arrow hits the ball python!
You kill the ball python!
You feel sick. The adder bites you.
You shoot an arrow. The arrow closely misses the adder.
You feel sick. The adder bites you.
You die... # +~ 7 #~7#7~ 7~7~7# #7 7S$%7

####~ #7@7
###..#~77~7#
#...##7%~7#
#....##%## #
###.#....# #
#.....## #
######...###
# #..#....##
# +..#....#


You could see an adder.

Vanquished Creatures
  Jessica (D:2)
  2 worms (D:2)
  A dart slug (D:1)
  5 bats
  4 endoplasms
  4 giant cockroaches
  6 goblins
  7 hobgoblins
  2 jackals (D:2)
  3 kobolds (D:1)
  A quokka (D:2)
  11 ball pythons
  2 frilled lizards
  5 rats
54 creatures vanquished.

Notes
Turn   | Place    | Note
-------+----------+-------------------------------------------
     0 | D:1      | qw the Deep Elf Hunter began the quest for the Orb.
     0 | D:1      | Reached XP level 1. HP: 12/12 MP: 3/3
     0 | D:1      | 0 ||| qw: Version: 0.3-a-9-g12657ce
     0 | D:1      | 0 ||| qw: Game counter: 4102
     0 | D:1      | 0 ||| qw: Always use a shield: true
     0 | D:1      | 0 ||| qw: God list: Okawaru
     0 | D:1      | 0 ||| qw: Allow faded altars: false
     0 | D:1      | 0 ||| qw: Do Orc after D:15 true
     0 | D:1      | 0 ||| qw: Do second Lair branch before Depths: true
     0 | D:1      | 0 ||| qw: Lair rune preference: random
     0 | D:1      | 0 ||| qw: Plans: Normal
     0 | D:1      | 0 ||| PLANNING D:1-11
   300 | D:1      | Reached skill level 6 in Ranged Weapons
   300 | D:1      | Reached XP level 2. HP: 16/16 MP: 4/4
   600 | D:1      | 600 ||| UPGRADING to amulet of faith.
   605 | D:1      | 605 ||| DROPPING scroll of butterflies.
   611 | D:2      | Noticed Jessica
   614 | D:2      | Reached XP level 3. HP: 20/20 MP: 5/5
   618 | D:2      | Killed Jessica
   619 | D:2      | Reached skill level 7 in Ranged Weapons
   700 | D:2      | Found a shimmering blue altar of Sif Muna.
   783 | D:2      | Reached XP level 4. HP: 25/25 MP: 6/6
  1120 | D:2      | You fall into a shaft and drop 1 floor!
  1186 | D:3      | 1186 ||| UPGRADING to +0 ring mail.
  1196 | D:3      | 1196 ||| DROPPING +0 leather armour.
  1197 | D:3      | 1197 ||| READING scroll labelled JYSTRU PACSUY.
  1198 | D:3      | 1198 ||| READING scroll labelled FEL VUBUUNYIH.
  1199 | D:3      | 1199 ||| READING scroll labelled BITEIBBUSAP.
  1200 | D:3      | 1200 ||| DRINKING 2 emerald potions.
  1202 | D:3      | 1202 ||| Stepping ~*~*~tactically~*~*~ (cloud).
  1203 | D:3      | 1203 ||| DRINKING potion of curing.
  1203 | D:3      | 1203 ||| (to cure poison)
  1235 | D:3      | 1235 ||| STAIRDANCE
  1419 | D:3      | Found a faded altar of an unknown god.
  1463 | D:3      | HP: 5/25 [adder (2)]
  1464 | D:3      | HP: 2/25 [adder (2)]
  1465 | D:3      | Slain by an adder

Levels and vault maps discovered:
D:1:      wander_arrival_estate, layout_basic, kennysheep_nondescript,
          hangedman_abyss_or_decor_stabs, minmay_statues_item, st_stairs_13,
          ebering_dispersal_statue_hall
D:2:      minmay_alternating_diamond, layout_basic, serial_glass,
          glass_columns_a, glass_columns_c, basic_altar,
          amcnicky_mini_rare_corridor_liquid, uniq_jessica
D:3:      minmay_recursive_quarters, layout_loops_cross,
          nicolae_uskayaw_en_pointe, mainiacjoe_overflow_cross_hatched,
          shapermc_ecumenical_altar_mp_vishouse, saegor_snake_ambush,
          uniq_natasha, uniq_robin

Skill      XL: |  1  2  3 |
---------------+----------+-----
Ranged Weapons | 6 7 |  7.8
Fighting       | |  1.5
Dodging        | |  2.4
Stealth        | |  1.2

Action                     |  1- 3 |  4- 6 || total
---------------------------+-------+-------++-------
   Fire: Shortbow          |    69 |    55 ||   124
    Use: Scroll            |       |     3 ||     3
         Potion            |       |     2 ||     2
 Armour: Leather armour    |     1 |       ||     1
         Ring mail         |       |    13 ||    13
  Dodge: Dodged            |     3 |    23 ||    26

Table legend:
 A = Non-vault XP
 B = Vault XP
 C = Vault XP percentage of total XP
 D = Non-vault monster count
 E = Vault monster count
 F = Vault count percentage of total count
                 A         B        C        D         E       F
            +---------+---------+-------+---------+---------+-------
      Total |      78 |      56 |  41.8 |      45 |       9 |  16.7
            +---------+---------+-------+---------+---------+-------
        D:1 |      37 |       2 |   5.1 |      22 |       1 |   4.3
        D:2 |      35 |      47 |  57.3 |      20 |       3 |  13.0
        D:3 |       6 |       7 |  53.8 |       3 |       5 |  62.5
            +---------+---------+-------+---------+---------+-------
